 Dungeon Crawl Stone Soup version 0.20-a0-927-g1ae2c61 (webtiles) character file.

23279 Snarg the Carver (level 12, -10/93 HPs)
             Began as a Demonspawn Gladiator on Mar 27, 2017.
             Was a High Priest of Wu Jian.
             Mangled by a shock serpent (13 damage)
             ... on level 2 of the Lair of Beasts on Mar 28, 2017.
             The game lasted 01:50:40 (20120 turns).

Snarg the Carver (Demonspawn Gladiator)            Turns: 20120, Time: 01:50:42

Health: -10/93     AC: 19    Str: 17    XL:     12   Next: 70%
Magic:  12/12      EV: 15    Int:  9    God:    Wu Jian [*****.]
Gold:   672        SH:  0    Dex: 18    Spells: 8/11 levels left

rFire    . . .     SeeInvis .   a - +1 long sword (slice)
rCold    . . .     Gourm    .   (no shield)
rNeg     . . .     Faith    +   r - +1 scale mail
rPois    +         Spirit   .   c - +0 helmet
rElec    .         Reflect  .   H - +0 cloak {rPois}
rCorr    .         Harm     .   x - +0 pair of gloves
MR       .....                  P - +0 pair of boots
Stlth    +++.......             q - amulet of faith
Regen    0.3/turn               J - ring of stealth
MPRegen  0.2/turn               I - +3 ring of protection

@: exhausted
A: thin metallic scales 1, spiny 2, rot immunity
a: Serpent's Lash, Heaven On Earth, Renounce Religion


You were on level 2 of the Lair of Beasts.
You worshipped Wu Jian.
Wu Jian was extremely pleased with you.
You were not hungry.

You visited 4 branches of the dungeon, and saw 19 of its levels.
You also visited: Ossuary.

You collected 942 gold pieces.
You spent 270 gold pieces at shops.

Inventory:

Hand Weapons
 a - a +1 long sword of slicing (weapon)
 b - a +0 blowgun
 v - a +0 dagger of venom
 w - a +1 falchion of electrocution
 y - a +2 dagger of speed
Missiles
 d - a throwing net
 j - 398 stones
 u - 13 curare-tipped needles
 B - 29 poisoned needles
 S - 11 tomahawks (quivered)
Armour
 c - a +0 helmet (worn)
 r - a +1 scale mail (worn)
 x - a +0 pair of gloves (worn)
 H - a +0 cloak of poison resistance (worn)
 P - a +0 pair of boots (worn)
Jewellery
 k - an uncursed ring of positive energy
 q - an amulet of faith (around neck)
 I - a +3 ring of protection (right hand)
 J - a ring of stealth (left hand)
 V - an uncursed ring of see invisible
Wands
 g - a wand of confusion (24/48)
 o - a wand of clouds (5/9)
 A - a wand of lightning (10/15)
 L - a wand of paralysis (15/24)
 N - a wand of flame (1/48)
 X - a wand of polymorph (15/24)
Scrolls
 e - 6 scrolls of remove curse
 n - 4 scrolls of teleportation
 E - a scroll of identify
 F - a scroll of magic mapping
 G - 2 scrolls of fog
 R - a scroll of fear
Potions
 h - a potion of might
 i - 3 potions of brilliance
 m - 3 potions of flight
 p - a potion of berserk rage
 s - 4 potions of haste
 z - 4 potions of curing
 C - a potion of magic
 Q - 2 potions of resistance
 U - a potion of agility
 Z - a potion of lignification
Miscellaneous
 t - a sack of spiders
Comestibles
 f - 8 bread rations
 l - 3 chunks of flesh
 M - 8 fruits
 W - 6 meat rations


   Skills:
 + Level 8.2 Fighting
 - Level 14.0 Long Blades
 - Level 4.2 Throwing
 - Level 7.0 Armour
 + Level 7.7 Dodging
 + Level 4.7 Stealth
 + Level 0.2 Evocations


You had 8 spell levels left.
You knew the following spells:

 Your Spells              Type           Power        Failure   Level  Hunger
a - Regeneration          Chrm/Necr      #.........   100%        3    ####...


Dungeon Overview and Level Annotations

Branches:
Dungeon (12/15)            Temple (1/1) D:6            Lair (5/6) D:8
 Shoals (0/4) Lair:3        Snake (1/4) Lair:2          Orc (0/2) D:9
  Slime: Lair:5-6

Altars:
Ashenzari
Cheibriados
Dithmenos
Elyvilon
Fedhas
Gozag
Hepliaklqana
Kikubaaqudgha
Makhleb
Nemelex Xobeh
Okawaru
Qazlal
Ru
Sif Muna
Trog
Uskayaw
Vehumet
Wu Jian
Xom
Yredelemnul
Zin
The Shining One

Shops:
D:5 (   D:7 *   D:8 (

Annotations:
D:2 clear
D:3 clear
D:4 cler
D:5 clear
D:6 clear
D:9 brahma's ghost, journeyman SpEn
D:11 Nergalle
Lair:1 exclusions: 2 hydras and 2 oklob plants
Lair:5 Urug
Snake:1 Aizul


Innate Abilities, Weirdness & Mutations

You are partially covered in thin metallic scales. (AC +2)
You are mostly covered in sharp spines.
You are immune to rotting.


Message History

There is a staircase back to the Lair here.
Unknown command.
The black mamba misses you.
The shock serpent completely misses you.
You climb upwards.
Welcome back to the Lair of Beasts!
There is a staircase to the Snake Pit here.
Wield which item (- for none, * to show all)? (? for menu, Esc to quit)
Okay, then.
Unknown command.
Okay, then.
You barely miss the shock serpent.
The shock serpent is almost dead.
The shock serpent closely misses you.
You hit the shock serpent but do no damage.
The shock serpent is almost dead.
The shock serpent is struck by your spines.
The shock serpent bites you.
* * * LOW HITPOINT WARNING * * *
The shock serpent shocks you!
You die...

#.P.##.#P...#.........#........#.
............##........#..........
..#..........#..................P
###.#...P.#.####.####.#.....P.###
..#.......###≈≈♣..≈P###.....#..##
...........#.≈...P≈♣≈#...........
...........#♣≈♣♣.♣♣♣♣#...........
...........#P.♣...♣♣.#...........
........[......S@................
.........#.#P≈♣...♣♣≈#........#.P
.#...#######♣.♣♣.♣♣≈P#....###..#.
.....#.# #.♣♣♣.≈♣≈≈#........###
.......## ##≈≈..≈♣≈##...........
........# ####.####............
..#....## #..##...........#.
.......# #..#P.#...........
.......# ### #...............P.


You could see a shock serpent.

Vanquished Creatures
  2 anacondas (Snake:1)
  The ghost of melchizedek the Chucker, a novice OgHu of the Shining One (D:5)
  A mana viper (Snake:1)
  The ghost of w00t the Grappler, a novice VSBe of Trog (D:8)
  2 salamanders (Snake:1)
  10 elephants
  A naga mage (Snake:1)
  Maurice (D:12)
  The ghost of particleface the Destroyer, a novice TeFE of Sif Muna (D:6)
  3 spiny frogs
  A gargoyle (D:12)
  A rime drake (Lair:4)
  2 komodo dragons
  The ghost of JeffiDaFish the Shield-Bearer, a novice GrFi (D:3)
  A troll (D:9)
  3 hippogriffs
  A snapping turtle (Lair:3)
  Sigmund (D:3)
  A wyvern (Lair:3)
  23 yaks
  A basilisk (Lair:3)
  A steam dragon (D:10)
  A vampire mosquito (D:12)
  A soldier ant (D:12)
  4 nagas
  11 water moccasins
  4 porcupines
  7 orc warriors
  3 black bears
  An ice beast (D:8)
  3 ogres
  4 necrophages (Lair:4)
  6 centaurs
  5 crocodiles
  Blork the orc (D:4)
  4 elf zombies (Ossuary)
  6 big kobolds
  9 bullfrogs
  A wyvern zombie (D:7)
  A water moccasin skeleton (D:10)
  6 killer bees
  2 scorpions (D:8)
  2 howler monkeys
  An electric eel (Lair:3)
  5 crimson imps
  A quasit (D:12)
  A jelly (D:5)
  6 centaur zombies (Ossuary)
  9 orc priests
  8 hounds
  2 human zombies (Ossuary)
  5 bullfrog skeletons
  6 orc wizards
  A centaur skeleton (D:7)
  Terence (D:2)
  2 iguanas
  Natasha (twice) (D:3)
  9 worker ants
  A killer bee zombie (D:8)
  A hound zombie (D:8)
  A hound skeleton (D:9)
  3 mummies (Ossuary)
  2 worker ant zombies
  3 gnolls
  12 adders
  3 oozes
  An adder zombie (D:7)
  2 adder skeletons
  5 worms
  2 dart slugs
  6 leopard geckos
  60 orcs
  2 ball pythons
  3 giant cockroaches
  8 goblins
  11 hobgoblins
  19 jackals
  10 quokkas
  7 bats
  5 frilled lizards
  14 kobolds
  A leopard gecko skeleton (D:8)
  A quokka skeleton (D:5)
  5 rats
389 creatures vanquished.

Vanquished Creatures (others)
  Natasha (D:3)
  A plant (Lair:2)
2 creatures vanquished.

Grand Total: 391 creatures vanquished

Notes
Turn   | Place    | Note
-------+----------+-------------------------------------------
     0 | D:1      | Snarg the Demonspawn Gladiator began the quest for the Orb.
     0 | D:1      | Reached XP level 1. HP: 16/16 MP: 1/1
    70 | D:1      | Gained mutation: You are immune to rotting. [demonic ancestry]
    70 | D:1      | Reached XP level 2. HP: 22/22 MP: 2/2
   162 | D:1      | Reached skill level 3 in Long Blades
   226 | D:1      | Reached skill level 1 in Stealth
   507 | D:1      | Reached XP level 3. HP: 23/27 MP: 3/3
   991 | D:2      | Noticed Terence
  1014 | D:2      | Killed Terence
  1014 | D:2      | Gained mutation: You are partially covered in thin metallic scales. (AC +2) [demonic ancestry]
  1014 | D:2      | Reached XP level 4. HP: 15/33 MP: 4/4
  1777 | D:2      | Reached skill level 4 in Long Blades
  2246 | D:2      | Found a shimmering altar of Xom.
  2390 | D:3      | Reached XP level 5. HP: 35/38 MP: 5/5
  2586 | D:3      | Noticed Sigmund
  3017 | D:3      | Gained mutation: You are partially covered in sharp spines. [demonic ancestry]
  3017 | D:3      | Reached XP level 6. HP: 45/45 MP: 6/6
  3063 | D:3      | Noticed Natasha
  3070 | D:3      | Noticed JeffiDaFish's ghost (novice GrFi)
  3733 | D:4      | Reached skill level 1 in Armour
  3979 | D:4      | Noticed Blork the orc
  4128 | D:4      | Killed Blork the orc
  4171 | D:4      | Reached XP level 7. HP: 52/52 MP: 7/7
  4247 | D:5      | Entered Level 5 of the Dungeon
  4294 | D:5      | Found an opulent altar of Gozag.
  4300 | D:5      | Noticed melchizedek's ghost (novice OgHu)
  4557 | D:5      | Found a sand-covered staircase.
  4562 | Ossuary  | Entered an ossuary
  4735 | Ossuary  | Reached skill level 5 in Long Blades
  4864 | Ossuary  | Reached XP level 8. HP: 55/60 MP: 8/8
  5128 | Ossuary  | Reached skill level 6 in Long Blades
  5698 | D:6      | Noticed particleface's ghost (novice TeFE)
  5737 | D:6      | Found a staircase to the Ecumenical Temple.
  5742 | Temple   | Entered the Ecumenical Temple
  5820 | Temple   | Became a worshipper of the Wu Jian Council
  5912 | D:6      | Killed particleface's ghost
  5912 | D:6      | Reached skill level 7 in Long Blades
  6165 | D:6      | Reached XP level 9. HP: 62/67 MP: 9/9
  6198 | D:6      | Got an ichor-stained hand axe
  6222 | D:6      | Found a sparkling altar of Nemelex Xobeh.
  6279 | D:6      | Found a burning altar of Makhleb.
  6280 | D:6      | Found a radiant altar of Vehumet.
  6699 | D:6      | Reached skill level 5 in Fighting
  6744 | D:6      | Found a hide-covered altar of Uskayaw.
  6744 | D:6      | Found a white marble altar of Elyvilon.
  6961 | D:3      | Killed JeffiDaFish's ghost
  7058 | D:3      | Reached * piety under Wu Jian
  7118 | D:3      | Found a runed door.
  7139 | D:3      | Identified the +10 hand axe "Zuthrirum" {drain, rPois} (You found it on level 6 of the Dungeon)
  7146 | D:3      | Killed Sigmund
  7146 | D:3      | Reached skill level 8 in Long Blades
  7150 | D:3      | Killed Natasha
  7208 | D:3      | Found a basalt altar of Yredelemnul.
  7244 | D:3      | Noticed Natasha
  7249 | D:3      | Killed Natasha
  7262 | D:3      | Killed Natasha
  8248 | D:7      | Found a blossoming altar of Fedhas.
  8251 | D:7      | Found an ancient bone altar of Kikubaaqudgha.
  8287 | D:7      | Found Sias's General Store.
  8291 | D:7      | Reached ** piety under Wu Jian
  8308 | D:7      | Bought a potion of mutation for 88 gold pieces
  8308 | D:7      | Bought a potion of lignification for 33 gold pieces
  8327 | D:7      | Upgraded the game from 0.20-a0-924-gfa95efa to 0.20-a0-927-g1ae2c61
  8444 | D:7      | Reached skill level 9 in Long Blades
  9053 | D:8      | Reached skill level 5 in Dodging
  9320 | D:8      | Noticed w00t's ghost (novice VSBe)
  9381 | D:8      | Gained mutation: You are mostly covered in sharp spines. [demonic ancestry]
  9381 | D:8      | Reached XP level 10. HP: 40/76 MP: 10/10
  9562 | D:8      | Found Lisisiet's Antique Weapon Boutique.
  9571 | D:8      | Bought a runed long sword for 149 gold pieces
 10018 | D:8      | Reached *** piety under Wu Jian
 10037 | D:8      | Found a staircase to the Lair.
 10115 | Lair:1   | Entered Level 1 of the Lair of Beasts
 10122 | Lair:1   | Learned a level 3 spell: Regeneration
 10217 | Lair:1   | Noticed an oklob plant
 10217 | Lair:1   | Noticed an oklob plant
 10259 | Lair:1   | Noticed a five-headed hydra
 10274 | Lair:1   | Noticed a six-headed hydra
 10745 | Lair:1   | Noticed a spiny frog
 10785 | Lair:1   | Killed a spiny frog
 10785 | Lair:1   | Reached skill level 10 in Long Blades
 11234 | Lair:2   | Found a staircase to the Snake Pit.
 11942 | Lair:2   | Reached skill level 11 in Long Blades
 11942 | Lair:2   | Reached skill level 5 in Armour
 12416 | Lair:3   | Got a brightly glowing war axe
 12491 | Lair:3   | Noticed a spiny frog
 12504 | Lair:3   | Killed a spiny frog
 12938 | Lair:3   | Identified the +8 war axe of Ascent {freeze, +Inv MR++ Str-5 Int-2} (You found it on level 3 of the Lair of Beasts)
 13160 | Lair:3   | Reached XP level 11. HP: 81/81 MP: 11/11
 13252 | Lair:3   | Found a staircase to the Shoals.
 14495 | D:9      | Noticed brahma's ghost (journeyman SpEn)
 14503 | D:8      | Killed w00t's ghost
 14708 | D:9      | Found a sacrificial altar of Ru.
 14750 | D:9      | Found an iron altar of Okawaru.
 14760 | D:9      | Found a staircase to the Orcish Mines.
 14962 | D:5      | Found Vaxketro's Antique Weapon Emporium.
 15143 | D:5      | Reached skill level 12 in Long Blades
 15258 | D:5      | Killed melchizedek's ghost
 15258 | D:5      | Reached **** piety under Wu Jian
 16172 | Lair:4   | Reached skill level 13 in Long Blades
 16288 | Lair:4   | Noticed a six-headed hydra
 16375 | Lair:5   | Noticed a six-headed hydra
 16612 | Lair:5   | Noticed Urug
 16777 | Lair:3   | Reached XP level 12. HP: 56/88 MP: 12/12
 17368 | D:9      | You fall through a shaft for 3 floors!
 17802 | D:12     | Noticed Maurice
 17841 | D:12     | Killed Maurice
 17994 | D:11     | Noticed Nergalle
 18024 | D:10     | Entered Level 10 of the Dungeon
 18355 | D:10     | Reached ***** piety under Wu Jian
 18950 | D:10     | Reached skill level 14 in Long Blades
 19431 | Snake:1  | Entered Level 1 of the Snake Pit
 19881 | Snake:1  | Noticed Aizul
 19881 | Snake:1  | Noticed an anaconda
 19893 | Snake:1  | Killed an anaconda
 20087 | Snake:1  | Noticed an anaconda
 20105 | Snake:1  | Killed an anaconda
 20120 | Lair:2   | HP: 3/93 [shock serpent (5)]
 20120 | Lair:2   | Mangled by a shock serpent

Vault maps used:
D:1:      dpeg_arrival_rhombus
D:2:      tgw_xom, uniq_terence
D:3:      dk_yredelemnul_ordeal, uniq_natasha, uniq_sigmund
D:4:      uniq_blork_the_orc
D:5:      nicolae_ossuary_entry_false_entrances, serial_shops,
          kennysheep_little_box, first_bread, mrwooster_statue_mirror,
          nicolae_gozag_seed_capital
D:6:      grunt_temple_overflow_lords_of_destruction,
          nicolae_overflow_crystal_walls, gammafunk_temple_overflow_elements,
          temple_doors_e, serial_park_tiny_1
D:7:      grunt_temple_overflow_growth_and_decay, serial_shops,
          nicolae_shop_statue_plus
D:8:      lair_entry_dummy, serial_shops, nicolae_shop_crystal
D:9:      okawaru_trees_1, overflow_temple_1_default,
          kennysheep_orc_monster_closet_entryway, serial_shops,
          nicolae_shop_trees
D:10:     kennysheep_orc_sif_temple
D:11:     uniq_nergalle
D:12:     serial_glass, glass_columns_b, glass_columns_a, uniq_maurice,
          uniq_azrael
Temple:   jpeg_temple_clearing
Lair:1:   infiniplex_staircase_pool, minmay_lair_oklob_chamber
Lair:2:   guppyfry_snake_entry_garden, lemuel_fruit_tree
Lair:3:   minmay_shoals_entry_hut, serial_bayou, serial_bayou_crossing,
          serial_bayou_shore_b, serial_bayou_pond_e, serial_bayou_ford_a,
          lemuel_fruit_fields
Lair:4:   roderic_carrion_pond
Lair:5:   slime_altar_1, grunt_megastairs_4, uniq_urug
Snake:1:  spider_trap, grunt_ministairs_1, uniq_aizul
Ossuary:  ossuary_minmay_four_chambers

Skill      XL: |  1  2  3  4  5  6  7  8  9 10 11 12 |
---------------+-------------------------------------+-----
Dodging        | 3 4 5 6 7 |  7.7
Long Blades    | 3 4 5 7 9 11 13 14 | 14.0
Stealth        | 1 2 3 4 |  4.7
Throwing       | 3 4 |  4.2
Armour         | 1 2 3 4 5 7 |  7.0
Fighting       | 3 4 6 8 |  8.2
Evocations     | |  0.2

Action                   |  1- 3 |  4- 6 |  7- 9 | 10-12 || total
-------------------------+-------+-------+-------+-------++-------
Melee: Long sword        |   100 |   146 |   373 |   717 ||  1336
       Unarmed           |     3 |     2 |       |       ||     5
       Dagger            |       |     9 |     1 |    36 ||    46
       Hand axe          |       |       |     7 |       ||     7
       Blowgun           |       |       |       |     2 ||     2
 Fire: Blowgun           |       |    37 |    42 |   139 ||   218
Throw: Stone             |     7 |    12 |    22 |     4 ||    45
       Throwing net      |     2 |     1 |       |     1 ||     4
       Tomahawk          |       |       |       |    23 ||    23
Invok: Serpent's Lash    |       |       |       |     5 ||     5
Evoke: Wand              |       |       |     1 |       ||     1
       Sack of spiders   |       |       |       |     1 ||     1
  Use: Scroll            |       |     2 |     6 |    17 ||    25
       Potion            |       |       |     2 |     6 ||     8
 Stab: Sleeping          |     5 |     2 |     3 |    11 ||    21
       Distracted        |     1 |       |     1 |     5 ||     7
       Held in net/web   |     1 |     1 |       |       ||     2
       Confused          |     1 |       |       |       ||     1
  Eat: Chunk             |       |    11 |    14 |    23 ||    48
       Fruit             |       |       |     3 |    14 ||    17
Armor: Leather armour    |    18 |    53 |    53 |    54 ||   178
       Skin              |     3 |     2 |       |       ||     5
       Scale mail        |       |       |   100 |   163 ||   263
Dodge: Dodged            |    73 |   128 |   190 |   342 ||   733
       Rpst.: Long sword |    19 |    37 |    50 |    93 ||   199
